AoeStats
← killerwolf_r98

Arabia

513488564Analyzed
1v1 RM · 4d ago on Oct 13, 2026· 25m 11s· 2 players
Game mode
Random Map
Map size
Tiny (2 player)
Population
200
Speed
Normal
Resources
Standard
Victory
Conquest
Starting age
Dark Age
Ending age
Imperial Age
RankedLock teamsTeams togetherTeam positionsShared explorationLock speedFull tech treeHidden civsTurbo modeCheats
Victory
Defeat
🇲🇽 Khmer · Mexico
1178
+16
vs
🇺🇸 Chinese · United States
1182
-16
killerwolf_r98
10:14 Feudal Age
8:32 Loom
14:15 Castle Age
12:34 Double-Bit Axe
12:35 Horse Collar
15:11 Forging
KingofAge
0:26 Loom
9:19 Feudal Age
9:49 Double-Bit Axe
11:13 Horse Collar
18:40 Castle Age
19:50 Forging
20:01 Bow Saw
19:36 Pikeman
Connection lost

Rejoining the realm…

Still unreachable

The connection could not be restored.

Session expired

The server has moved on; the page needs a fresh start.